 Dungeon Crawl Stone Soup version 0.28.0 (webtiles) character file.

Game seed: 1201098159802558579

106 Sharkman1231 the Insei (level 4, -1/32 HPs)
             Began as a Demonspawn Transmuter on Feb 5, 2022.
             Killed by divine providence
             ... invoked by an orc priest
              (16 damage)
             ... on level 3 of the Dungeon.
             The game lasted 00:03:23 (3553 turns).

Sharkman1231 the Insei (Demonspawn Transmuter)      Turns: 3553, Time: 00:03:24

Health: -1/32      AC:  2    Str: 10    XL:     4   Next: 55%
Magic:  7/7        EV: 16    Int: 14    God:
Gold:   14         SH:  0    Dex: 16    Spells: 1/7 levels left

rFire   . . .      SeeInvis .   b - +1 dagger (venom)
rCold   . . .      Faith    .   (no shield)
rNeg    . . .      Spirit   .   a - +0 robe
rPois   .          Reflect  .   (no helmet)
rElec   .          Harm     .   (no cloak)
rCorr   .          Rampage  .   (no gloves)
Will    .....                   (no boots)
Stlth   +.........              d - amulet of regeneration
HPRegen 0.90/turn               k - +4 ring of evasion
MPRegen 0.10/turn               (no ring)

@: no status effects
A: foul stench 1, powered by death 1, weakness stinger 1
a: no special abilities


You were on level 3 of the Dungeon.
You visited 1 branch of the dungeon, and saw 3 of its levels.

You collected 112 gold pieces.
You spent 98 gold pieces at shops.

Inventory:

Hand Weapons
 b - a +1 dagger of venom (weapon)
Missiles
 e - 4 poisoned darts
Armour
 a - a +0 robe (worn)
Jewellery
 d - an amulet of regeneration (around neck)
 k - a +4 ring of evasion (left hand)
Scrolls
 i - a scroll of teleportation
 l - a scroll of blinking
 n - 2 scrolls of fear
Potions
 c - a potion of brilliance
 f - a potion of berserk rage
 g - a potion of invisibility
 h - a potion of mutation
 j - a potion of haste
 o - 2 potions of attraction
 p - 2 potions of curing


   Skills:
 + Level 1.4 Fighting
 + Level 2.4 Dodging
 * Level 4.3 Unarmed Combat
 - Level 2.0 Spellcasting
 + Level 2.0 Transmutations


You had one spell level left.
You knew the following spells:

 Your Spells              Type           Power      Damage    Failure   Level
a - Beastly Appendage     Tmut           14%        N/A       11%         1
b - Spider Form           Tmut/Pois      4%         N/A       43%         3
c - Wereblood             Tmut           7%         N/A       16%         2

Your spell library contained the following spells:

 Spells                   Type           Power      Damage    Failure   Level
 Ice Form                 Ice/Tmut       4%         N/A       83%         4


Dungeon Overview and Level Annotations

Branches:
Dungeon (3/15)

Altars:
Nemelex Xobeh
Vehumet

Shops:
D:3 *


Innate Abilities, Weirdness & Mutations

You may rarely emit foul miasma when damaged in melee.
You regenerate a little health from kills.
You have a small tail.


Message History

An orc is nearby!
An orc comes into view. It is wielding a +0 falchion.
An orc comes into view. It is wielding a +0 flail.
A quokka comes into view.
The orc shouts!
A ball python comes into view.
You closely miss the orc priest. The orc priest barely misses you.
You hit the orc priest but do no damage.
The orc priest is poisoned.
You tail-slap the orc priest, but do no damage.
The orc priest misses you.
You hit the orc priest but do no damage.
The orc priest misses you. The orc hits you with a +0 flail.
You barely miss the orc priest.
Your tail-slap misses the orc priest.
The orc priest barely misses you. The orc barely misses you.
The orc priest looks satisfied for a moment.
You hit the quokka.
The quokka is almost dead.
The quokka closely misses you. The orc hits you with a +0 flail.
You closely miss the orc. The quokka closely misses you. The orc misses you.
You hit the quokka.
You kill the quokka!
You barely miss the orc priest.
The orc priest is moderately wounded.
The orc priest closely misses you. The orc hits you with a +0 flail.
You hit the orc priest.
The orc priest is heavily wounded.
The orc priest closely misses you. The orc misses you. x2
The orc priest calls down the wrath of Beogh upon you.
Pain shoots through your body! The orc hits you with a +0 flail!
You emit a cloud of foul miasma!
The orc is engulfed in dark miasma.
The orc is poisoned.
The orc barely misses you.
The orc priest begins to cast a cantrip, but forgets the words!
You kill the orc!
The orc priest looks more healthy.
The orc priest calls down the wrath of Beogh upon you.
Beogh smites you!
Ouch! That really hurt!
You die...

#......###......#
#.# #...
###.....####..###
#.# ####
#####......# #..#
#.# #....
#..........# #..#
#.# #....
#..........# #..#
#.. .....
#..........# #..#
#....
#......##.####..#
#....
#.....##∩†∩#....#
#....
#.###(###.##@##.#
#.... #.#
#..#∩_∩#.##.#
.... #.#
#####.##o.#.# #.#
####∩.∩#).#.# #.#
#..##.##..#.# #.#
#......o..#.# #.#
#......o..#<# #.#
#...o.....#.# #.#
#...#######


You could see an orc priest and 2 orcs.

Vanquished Creatures
  4 adders (D:2)
  4 worms
  A dart slug (D:2)
  An orc (D:3)
  8 ball pythons
  An endoplasm (D:1)
  6 goblins
  3 hobgoblins (D:1)
  3 jackals (D:2)
  4 quokkas
  10 bats
  A frilled lizard (D:3)
  7 kobolds
  7 rats
60 creatures vanquished.

Notes
Turn   | Place    | Note
-------+----------+-------------------------------------------
     0 | D:1      | Sharkman1231 the Demonspawn Transmuter began the quest for
                  | the Orb.
     0 | D:1      | Reached XP level 1. HP: 15/15 MP: 3/3
   225 | D:1      | Reached skill level 3 in Unarmed Combat
   441 | D:1      | Gained mutation: You regenerate a little health from kills.
                  | [demonic ancestry]
   441 | D:1      | Reached XP level 2. HP: 21/21 MP: 5/5
  1743 | D:2      | Gained mutation: You may rarely emit foul miasma when
                  | damaged in melee. [demonic ancestry]
  1743 | D:2      | Reached XP level 3. HP: 26/26 MP: 4/6
  2039 | D:2      | Reached skill level 4 in Unarmed Combat
  2373 | D:2      | Gained mutation: You have a small tail. [demonic ancestry]
  2373 | D:2      | Reached XP level 4. HP: 26/32 MP: 5/7
  2900 | D:2      | You fall into a shaft and drop 1 floor!
  3215 | D:3      | Learned a level 3 spell: Spider Form
  3218 | D:3      | Learned a level 2 spell: Wereblood
  3246 | D:3      | Found a sparkling altar of Nemelex Xobeh.
  3250 | D:3      | Found a radiant altar of Vehumet.
  3422 | D:3      | Found Qemyf's Assorted Antiques.
  3442 | D:3      | Bought a metallic grey potion for 23 gold pieces
  3442 | D:3      | Bought a scroll of identify for 52 gold pieces
  3442 | D:3      | Bought a metallic grey potion for 23 gold pieces
  3472 | D:3      | Found a faded altar of an unknown god.
  3553 | D:3      | Killed from afar by an orc priest

Illustrated notes

Levels and vault maps discovered:
D:1:      onia_arrival_mini_spirals, layout_loops_ring
D:2:      layout_loops_ring, dk_vineyard_3
D:3:      layout_basic, jmf_multi_god_temple, serial_shops,
          nicolae_diamond_shop, ebering_ecumenical_altar_hall

Skill      XL: |  1  2  3  4 |
---------------+-------------+-----
Unarmed Combat | 3 4 |  4.3
Dodging        | 2 |  2.4
Transmutations | 2 |  2.0
Fighting       | |  1.4
Spellcasting   | |  2.0

Action                   |  1- 3 |  4- 6 || total
-------------------------+-------+-------++-------
Melee: Unarmed           |   150 |    21 ||   171
       Kick              |    11 |     4 ||    15
       Headbutt          |     5 |     5 ||    10
       Punch             |     2 |       ||     2
       Dagger            |       |    22 ||    22
       Tailslap          |       |     4 ||     4
 Cast: Beastly Appendage |    11 |     4 ||    15
  Use: Scroll            |     2 |     8 ||    10
 Stab: Sleeping          |     4 |     1 ||     5
Armor: Robe              |    31 |     6 ||    37
Dodge: Dodged            |   109 |    40 ||   149
